 Dungeon Crawl Stone Soup version 0.26-a0-739-gf55cbd344a (webtiles) character file.

Game seed: 7102530610498362687

405375 iamoutofideas the Drop of Water (level 23, -8/181 HPs)
             Began as a Gnoll Ice Elementalist on Nov 4, 2020.
             Was the Champion of Ru.
             Killed from afar by dolemite99's ghost (63 damage)
             ... with an iron shot
             ... on level 2 of the Vaults on Nov 5, 2020.
             The game lasted 03:41:31 (73622 turns).

iamoutofideas the Drop of Water (GnIE)             Turns: 73622, Time: 03:41:32

Health: -8/181     AC: 32    Str: 14    XL:     23   Next: 39%
Magic:  38/38      EV: 13    Int: 25    God:    Ru [******]
Gold:   1875       SH:  0    Dex: 17    Spells: 1/53 levels left

rFire    + . .     SeeInvis .   i - +5 scythe "Finisher" {speed, eviscerate}
rCold    . . .     Faith    .   (shield currently unavailable)
rNeg     + + +     Spirit   .   I - +5 chain mail of Parlour Games {rF+}
rPois    +         Reflect  .   n - +2 helmet
rElec    +         Harm     .   A - +2 cloak {rCorr}
rCorr    +         Rampage  .   V - +0 pair of gloves of the Ladybird {rElec rPois rN+}
MR       +++..                  M - +3 pair of boots of Vehumet's Wrath {rPois rN+ Str+4 Dex+2}
Stlth    ..........             Z - amulet of magic regeneration
HPRegen  0.40/turn              u - ring "Cela" {rPois rF+ MR+}
MPRegen  0.51/turn              e - ring "Vuucw" {rC+ rN+ MR+ Str-2}

@: no scrolls, heavily drained
A: distributed training, fangs 1, iridescent scales 1, low mp 1, sense
surroundings 1, weak 1, inability to read while threatened, no stealth, hated by
all, missing an eye, temperature sensitive, strong nose
}: 2/15 runes: decaying, serpentine
a: Draw Out Power, Power Leap, Apocalypse, Renounce Religion


You were on level 2 of the Vaults.
You worshipped Ru.
Ru was exalted by your worship.
You visited 9 branches of the dungeon, and saw 42 of its levels.
You also visited: Sewer.

You collected 5256 gold pieces.
You spent 3381 gold pieces at shops.

Inventory:

Hand Weapons
 b - the +4 war axe of Summ {vamp, +Fly rC- rN+ Str+2}
   (You found it on level 3 of the Elven Halls)

   It inflicts no extra harm, but heals its wielder when it wounds a living foe.
   It affects your strength (+2).
   It makes you vulnerable to cold.
   It protects you from negative energy.
   It lets you fly.
 f - a +7 short sword of electrocution
 i - the +5 scythe "Finisher" (weapon) {speed, eviscerate}
   (You found it on level 9 of the Dungeon)

   Attacks with this weapon are significantly faster.
 l - the +5 sword of Power
   (You found it on level 3 of the Elven Halls)
 v - the +3 short sword of the Hills {holy, rF++ rN++}
   (You found it on level 1 of the Orcish Mines)

   It has been blessed by the Shining One to cause great damage to the undead
   and demons.
   It greatly protects you from fire.
   It greatly protects you from negative energy.
Missiles
 P - 5 atropa-tipped darts (quivered)
Armour
 n - a +2 helmet (worn)
 A - a +2 cloak of preservation (worn)
 C - a +5 kite shield of cold resistance
 D - the +5 ring mail of Zuasina {Int+2}
   (You found it on level 1 of the Orcish Mines)

   It affects your intelligence (+2).
 I - the +5 chain mail of Parlour Games (worn) {rF+}
   (You found it on level 2 of the Vaults)

   It protects you from fire.
 M - the +3 pair of boots of Vehumet's Wrath (worn) {rPois rN+ Str+4 Dex+2}
   (You acquired it on level 1 of the Elven Halls)

   It affects your strength (+4).
   It affects your dexterity (+2).
   It protects you from poison.
   It protects you from negative energy.
 V - the +0 pair of gloves of the Ladybird (worn) {rElec rPois rN+}
   (You found it on level 1 of the Elven Halls)

   It insulates you from electricity.
   It protects you from poison.
   It protects you from negative energy.
Jewellery
 e - the ring "Vuucw" (right hand) {rC+ rN+ MR+ Str-2}
   (You bought it in a shop on level 2 of the Orcish Mines)

   [ring of protection from cold]

   It affects your strength (-2).
   It protects you from cold.
   It protects you from negative energy.
   It affects your resistance to hostile enchantments.
 u - the ring "Cela" (left hand) {rPois rF+ MR+}
   (You bought it in a shop on level 2 of the Orcish Mines)

   [ring of protection from magic]

   It protects you from fire.
   It protects you from poison.
   It affects your resistance to hostile enchantments.
 B - the ring of Syunk {+Fly rC+ MR+}
   (You found it on level 13 of the Dungeon)

   [ring of flight]

   It protects you from cold.
   It affects your resistance to hostile enchantments.
   It lets you fly.
 L - an uncursed ring of wizardry
 O - an uncursed amulet of regeneration
 W - an uncursed ring of protection from cold
 Z - an amulet of magic regeneration (around neck)
Wands
 j - a wand of acid (11)
 o - a wand of digging (15)
 y - a wand of random effects (11)
 K - a wand of iceblast (54)
 Q - a wand of flame (91)
 T - a wand of disintegration (18)
Scrolls
 a - a scroll of holy word
 d - 5 scrolls of blinking
 k - 21 scrolls of remove curse
 q - 22 scrolls of teleportation
 s - 2 scrolls of enchant weapon
 x - 8 scrolls of fear
 z - 9 scrolls of immolation
 E - 5 scrolls of amnesia
 F - 12 scrolls of fog
 S - 6 scrolls of identify
 X - a scroll of magic mapping
Potions
 c - 6 potions of ambrosia
 g - 21 potions of curing
 h - 4 potions of might
 m - 9 potions of mutation
 p - 4 potions of haste
 r - a potion of berserk rage
 t - 11 potions of flight
 w - 8 potions of cancellation
 H - a potion of magic
 J - 2 potions of invisibility
 N - 4 potions of lignification
 U - 7 potions of brilliance
 Y - 2 potions of resistance
Miscellaneous
 G - a condenser vane (inert)


   Skills:
 + Level 15.1(12.1) Fighting
 + Level 15.1(12.1) Short Blades
 + Level 15.1(12.1) Long Blades
 + Level 15.1(12.1) Axes
 + Level 15.1(12.1) Maces & Flails
 + Level 15.1(12.1) Polearms
 + Level 15.1(12.1) Staves
 + Level 15.1(12.1) Slings
 + Level 15.1(12.1) Bows
 + Level 15.1(12.1) Crossbows
 + Level 15.1(12.1) Throwing
 + Level 15.1(12.1) Armour
 + Level 15.6(12.6) Dodging
   Level 0.0 Stealth
 + Level 15.1(12.1) Shields
 + Level 15.1(12.1) Unarmed Combat
 + Level 15.7(12.7) Spellcasting
 + Level 13.0(10.1) Conjurations
 + Level 13.0(10.1) Hexes
 + Level 12.3(9.5) Summonings
 + Level 13.0(10.1) Necromancy
 + Level 13.0(10.1) Translocations
 + Level 13.0(10.1) Transmutations
 + Level 13.0(10.1) Fire Magic
 + Level 14.4(11.5) Ice Magic
 + Level 13.0(10.1) Air Magic
 + Level 13.0(10.1) Earth Magic
 + Level 13.0(10.1) Poison Magic
 + Level 16.2(13.2) Invocations
 + Level 15.1(12.1) Evocations


You had one spell level left.
You knew the following spells:

 Your Spells              Type           Power        Failure   Level
a - Freeze                Ice            ####         1%          1
b - Frozen Ramparts       Ice            ######       1%          3
c - Ignition              Fire           ######....   100%        8
d - Hailstorm             Conj/Ice       ######..     5%          4
e - Fireball              Conj/Fire      ######....   19%         5
f - Mephitic Cloud        Conj/Pois/Air  ######..     1%          3
g - Ignite Poison         Fire/Tmut/Pois ######..     1%          3
h - Dazzling Flash        Conj/Hex       ######       1%          3
i - Freezing Cloud        Conj/Ice/Air   ######....   65%         6
j - Blink                 Tloc           N/A          1%          2
k - Starburst             Conj/Fire      ######....   71%         6
l - Teleport Other        Tloc           ######..     1%          3
m - Metabolic Englaciati  Hex/Ice        ######....   14%         5

Your spell library contained the following spells:

 Spells                   Type           Power        Failure   Level
 Apportation              Tloc           ######       1%          1
 Beastly Appendage        Tmut           ######       1%          1
 Corona                   Hex            ######.      1%          1
 Foxfire                  Conj/Fire      ####         1%          1
 Magic Dart               Conj           ####         1%          1
 Corpse Rot               Necr/Air       N/A          1%          2
 Ensorcelled Hibernation  Hex/Ice        ######       1%          2
 Poisonous Vapours        Pois/Air       ######       1%          2
 Searing Ray              Conj           ######       1%          2
 Slow                     Hex            ######..     1%          2
 Sublimation of Blood     Necr           ######....   1%          2
 Wereblood                Tmut           ######..     1%          2
 Conjure Flame            Conj/Fire      ######..     1%          3
 Gell's Gravitas          Tloc           ######....   1%          3
 Inner Flame              Hex/Fire       ######..     1%          3
 Lesser Beckoning         Tloc           ######....   1%          3
 Ozocubu's Armour         Ice            ######..     1%          3
 Portal Projectile        Hex/Tloc       ######       1%          3
 Spider Form              Tmut/Pois      ######....   1%          3
 Ice Form                 Ice/Tmut       ######..     5%          4
 Dispel Undead            Necr           ######..     7%          4
 Fulminant Prism          Conj/Hex       ######....   7%          4
 Iskenderun's Mystic Bla  Conj/Tloc      ######..     7%          4
 Leda's Liquefaction      Hex/Erth       ######....   7%          4
 Passage of Golubria      Tloc           N/A          7%          4
 Sticky Flame             Conj/Fire      ######..     7%          4
 Agony                    Necr           ######..     19%         5
 Alistair's Intoxication  Tmut/Pois      ######...    19%         5
 Blade Hands              Tmut           ######....   19%         5
 Bolt of Magma            Conj/Fire/Erth ######....   19%         5
 Borgnjor's Vile Clutch   Necr/Erth      ######....   19%         5
 Excruciating Wounds      Necr           ######....   19%         5
 Irradiate                Conj/Tmut      ######....   19%         5
 Silence                  Hex/Air        ######....   19%         5
 Dispersal                Tloc           ######....   71%         6
 Invisibility             Hex            ######..     71%         6
 Discord                  Hex            ######....   100%        8
 Disjunction              Tloc           ######....   100%        8
 Summon Small Mammal      Summ           Unusable     N/A         1
 Call Imp                 Summ           Unusable     N/A         2
 Tukima's Dance           Hex            Unusable     N/A         3
 Summon Guardian Golem    Hex/Summ       Unusable     N/A         3
 Summon Ice Beast         Ice/Summ       Unusable     N/A         4
 Summon Mana Viper        Hex/Summ       Unusable     N/A         5
 Shadow Creatures         Summ           Unusable     N/A         6
 Summon Hydra             Summ           Unusable     N/A         7

Dungeon Overview and Level Annotations

Branches:
Dungeon (15/15)            Temple (1/1) D:5            Lair (6/6) D:9
  Swamp (4/4) Lair:4        Snake (4/4) Lair:4        Slime (0/5) Lair:5
    Orc (2/2) D:12            Elf (3/3) Orc:2        Vaults (4/5) D:13
  Crypt (0/3) Vaults:3     Depths (3/5) D:15          Sewer (visited)

Altars:
Ashenzari
Cheibriados
Dithmenos
Elyvilon
Fedhas
Gozag
Hepliaklqana
Kikubaaqudgha
Makhleb
Nemelex Xobeh
Okawaru
Qazlal
Ru
Sif Muna
Trog
Uskayaw
Vehumet
Wu Jian
Xom
Yredelemnul
Zin
The Shining One
Beogh

Shops:
D:4 *   Orc:2 *([*=   Elf:1 }   Elf:2 :   Elf:3 *   Snake:3 !**   Snake:4 ==}
Vaults:2 (

Portals:
Hell: Depths:1 Depths:2
Pandemonium: Depths:2
Ziggurat: Depths:1

Annotations:
D:8 exclusion: statue
Snake:2 Vashnia
Elf:2 4 runed translucent doors
Vaults:2 dolemite99's ghost, veteran DrFE
Depths:1 exclusion: downstairs
Depths:2 exclusion: downstairs
Depths:3 Boris


Innate Abilities, Weirdness & Mutations

Your experience applies equally to all skills.
You have very sharp teeth.
You cannot read scrolls while threatened.
You cannot be stealthy.
You are hated by all.
You are missing an eye, making it more difficult to aim.
You are sensitive to extremes of temperature. (rF-, rC-)
Your uncanny sense of smell can sniff out nearby items.
You are partially covered in iridescent scales. (AC +2)
Your magical capacity is low. (-10% MP)
You passively map a small area around you.
You are weak. (Str -2)


Message History

You closely miss dolemite99's ghost.
Dolemite99's ghost is severely damaged.
Dolemite99's ghost hits you.
* * * LOW HITPOINT WARNING * * *
x2 You miss dolemite99's ghost.
Dolemite99's ghost is severely damaged.
Dolemite99's ghost is engulfed in blazing flames.
Dolemite99's ghost begins to cast a spell, but is stunned by your will!
Dolemite99's ghost is engulfed in blazing flames.
Dolemite99's ghost hits you but does no damage.
You closely miss dolemite99's ghost.
Dolemite99's ghost is severely damaged.
You redirect dolemite99's ghost's attack!
Dolemite99's ghost misses you.
You feel less exhausted.
Dolemite99's ghost begins to cast a spell, but is stunned by your will!
You redirect dolemite99's ghost's attack!
Dolemite99's ghost casts a spell at you.
The iron shot hits you!!!
You die...

#'#.#[..............#.###.###.###
..#.#[#########.....#.#...#.....#
..#.#[#.......#.....#.###.#######
###.#.#.......#.....#...#.......#
....#.#.......#.....'.###.#.#####
###'#>#.......#.....#...#.#.#.#..
......#.......#.....#.#######.###
......#.......#.....#....[.......
......###ยง#####.@...#########'###
.............W......# #......
....................# #.....#
#'##############'#### #....## ...#
##...## #...... ...# ###.....###
#..#... '### ###.........###
#.##... ...# ##.............##
#..#... !#.# #..............[#
#......


You could see dolemite99's ghost.

Vanquished Creatures
  Mara (Depths:2)
  the Lernaean hydra (Swamp:4)
  Jory (Vaults:2)
  A golden dragon (Depths:1)
  2 tentacled monstrosities (Vaults:2)
  A deep elf blademaster (Elf:3)
  2 deep elf master archers (Elf:3)
  Asterion (Depths:2)
  3 sphinxes
  Agnes (D:15)
  5 thorn hunters
  2 tengu reavers
  Donald (Vaults:4)
  A frost giant (shapeshifter) (Vaults:3)
  2 frost giants
  8 nagarajas (Snake:4)
  6 vault wardens
  3 orc warlords
  4 fire giants
  3 deep elf sorcerers
  A balrug (Depths:3)
  A cacodemon (Vaults:2)
  13 very ugly things
  A deep elf elementalist (Elf:3)
  4 stone giants
  A war gargoyle (Vaults:3)
  10 ironheart preservers
  An entropy weaver (Vaults:2)
  5 deep elf demonologists
  3 deep elf annihilators (Elf:3)
  7 deep elf death magi
  An eidolon (Elf:2)
  8 ettins
  Snorg (Lair:5)
  4 deep elf high priests
  A great orb of eyes (Elf:2)
  A merfolk impaler (Depths:2)
  6 fire dragons
  11 naga warriors
  2 rakshasas
  Fannar (D:11)
  7 yaktaur captains
  19 hydras
  Erolcha (D:9)
  2 vault guards
  11 centaur warriors
  A spriggan air mage (Depths:2)
  A ghost crab (Swamp:4)
  10 boulder beetles
  5 ice dragons
  3 death knights
  16 anacondas
  9 ogre magi
  19 dancing weapons
  8 alligators
  27 two-headed ogres
  7 deep troll shamans
  7 deep troll earth magi
  7 orc high priests
  6 tengu warriors
  A spriggan berserker (Depths:1)
  16 naga sharpshooters
  6 spriggans
  11 shock serpents
  3 sun demons (Depths:3)
  16 deep elf knights
  5 salamander mystics
  3 skeletal warriors (Vaults:1)
  4 shadow wraiths
  2 unseen horrors (Vaults:1)
  A spriggan druid (Swamp:3)
  6 flayed ghosts
  A swamp dragon (shapeshifter) (Vaults:3)
  An infernal demonspawn (Depths:2)
  5 wizards
  9 swamp dragons
  An unseen horror (shapeshifter) (Vaults:3)
  18 deep trolls
  4 glowing orange brains
  9 harpies
  7 naga ritualists
  5 lindwurms
  4 wolf spiders
  19 ironbrand convokers
  An orb spider (shapeshifter) (Elf:2)
  14 deep elf archers
  A harpy (shapeshifter) (Vaults:4)
  10 orc sorcerers
  25 orc knights
  A manticore (Lair:6)
  8 salamanders
  A wolf spider zombie (D:14)
  An oklob plant (Lair:6)
  57 deep elf magi
  9 mana vipers
  52 ugly things
  16 cyclopes
  3 centaur zombies
  7 slime creatures
  11 guardian serpents
  9 elephants
  A spectral shock serpent (Snake:1)
  28 naga magi
  32 black mambas
  10 vault sentinels
  8 apocalypse crabs (Depths:2)
  A rust devil (Depths:3)
  An orange demon (Depths:2)
  A hellion (Depths:2)
  19 cane toads
  2 torpor snails
  4 gargoyles
  4 centaur skeletons
  9 rime drakes
  5 freezing wraiths
  15 komodo dragons
  A yaktaur (shapeshifter) (Elf:3)
  4 efreet
  2 kobold demonologists
  22 yaktaurs
  3 red devils (Depths:3)
  12 hornets
  A jumping spider (shapeshifter) (Vaults:4)
  A wind drake (shapeshifter) (Vaults:4)
  8 tyrant leeches
  A queen bee (shapeshifter) (Vaults:3)
  2 wind drakes (Lair:6)
  7 polar bears
  6 trolls
  15 blink frogs
  7 bog bodies
  Grinder (D:5)
  A dream sheep (shapeshifter) (Vaults:2)
  22 dream sheep
  2 spectral black mambas (Snake:1)
  A spriggan (shapeshifter) (Vaults:2)
  A wraith (D:12)
  6 shadows
  A fire elemental (Elf:2)
  5 wyverns
  32 yaks
  6 basilisks
  A golden eye (shapeshifter) (Vaults:3)
  7 water elementals
  3 spectral nagas (Snake:1)
  Grum (D:7)
  A basilisk (shapeshifter) (Depths:1)
  2 golden eyes (Elf:2)
  A chaos spawn (Depths:2)
  24 vampire mosquitoes
  A soldier ant (shapeshifter) (Vaults:2)
  43 nagas
  8 insubstantial wisps
  Edmund (D:5)
  7 wargs
  A soldier ant (D:14)
  9 swamp worms
  9 water moccasins
  An acid dragon (Vaults:2)
  2 hell hounds (Depths:3)
  Purgy (D:3)
  5 black bears
  67 orc warriors
  13 swamp drakes
  4 sky beasts
  A necrophage (D:13)
  2 eyes of draining
  13 boggarts
  34 ogres
  2 phantoms
  A wolf (shapeshifter) (Vaults:2)
  A black mamba simulacrum (Snake:1)
  A tengu (shapeshifter) (Depths:1)
  11 centaurs
  2 boggarts (shapeshifter)
  7 ice beasts
  12 wolves
  5 big kobolds
  24 bullfrogs
  A bullfrog (shapeshifter) (Vaults:2)
  5 gnoll sergeants (D:7)
  2 earth elementals
  A wyvern skeleton (D:12)
  2 scorpions
  16 wights
  5 electric eels
  A vampire bat (Lair:5)
  3 howler monkeys
  A lava snake (Orc:1)
  A salamander simulacrum (Snake:1)
  2 quasits
  25 hounds
  30 orc wizards
  33 orc priests
  4 gnoll shamans
  5 jellies
  Crazy Yiuf (D:5)
  2 iguanas (D:5)
  2 merfolk sirens (Sewer)
  11 worker ants
  2 merfolk avatars
  6 hound zombies
  2 hound skeletons
  A howler monkey zombie (D:5)
  A worker ant zombie (D:6)
  Robin (D:2)
  23 adders
  36 gnolls
  2 adders (shapeshifter) (Vaults:2)
  3 river rats
  2 naga simulacra (Snake:1)
  A shadow imp (D:8)
  A white imp (D:8)
  2 ufetubi
  An ooze (D:2)
  An ooze (shapeshifter) (Vaults:2)
  An adder zombie (D:6)
  2 adder skeletons (D:4)
  5 worms
  2 dart slugs (D:1)
  11 leopard geckos
  114 orcs
  A ball python (shapeshifter) (Vaults:2)
  13 bats
  8 giant cockroaches
  13 goblins
  12 hobgoblins
  20 jackals
  3 quokkas
  10 ball pythons
  4 frilled lizards
  A giant cockroach zombie (D:5)
  32 kobolds
  31 rats
  2 rats (shapeshifter)
  8 briar patches (Swamp:4)
  A butterfly (Lair:3)
  3 crawling corpses (Elf:3)
1854 creatures vanquished.

Vanquished Creatures (others)
  Nikola (Depths:2)
  A deep elf blademaster (Elf:3)
  The ghost of Schnaeble the Warrior, a journeyman MiFi of Gozag (Snake:1)
  A deep elf demonologist (Vaults:3)
  A deep elf annihilator (Elf:3)
  A dire elephant (Lair:2)
  A rakshasa (Depths:2)
  A naga warrior (Snake:3)
  A two-headed ogre (D:12)
  A tengu warrior (Depths:3)
  A deep troll earth mage (Vaults:2)
  A spriggan berserker (Depths:3)
  2 naga sharpshooters
  A deep elf archer (Elf:2)
  An unseen horror (D:14)
  A phantasmal warrior (Vaults:4)
  A mana viper (Snake:4)
  2 harpies (Vaults:2)
  2 orc knights
  A deep elf mage (Elf:1)
  2 ugly things
  A centaur zombie (D:10)
  A black mamba (Snake:3)
  A cane toad (Swamp:4)
  2 apocalypse crabs (Depths:2)
  A guardian serpent (Snake:4)
  A yaktaur (Vaults:2)
  A blink frog (Lair:3)
  A bog body (Swamp:2)
  A vampire (D:15)
  A vampire mosquito (Swamp:3)
  A swamp worm (Swamp:1)
  An ogre (Orc:1)
  2 centaurs (Depths:2)
  A bullfrog (D:8)
  A centaur skeleton (D:11)
  2 orc priests
  An orc wizard (Orc:1)
  2 gnolls (D:7)
  6 orcs
  A jackal (D:9)
  34 fungi
  45 plants
  5 toadstools (Lair:2)
138 creatures vanquished.

Grand Total: 1992 creatures vanquished

Notes
Turn   | Place    | Note
-------+----------+-------------------------------------------
     0 | D:1      | iamoutofideas the Gnoll Ice Elementalist began the quest
                  | for the Orb.
     0 | D:1      | Reached XP level 1. HP: 13/13 MP: 6/6
    50 | D:1      | Reached XP level 2. HP: 19/19 MP: 2/7
   435 | D:1      | Reached XP level 3. HP: 25/25 MP: 6/9
   486 | D:1      | Reached skill level 5 in Spellcasting
   782 | D:2      | Reached skill level 1 in Invocations
   958 | D:2      | Learned a level 3 spell: Frozen Ramparts
   962 | D:2      | Learned a level 3 spell: Ozocubu's Armour
  1074 | D:2      | Reached skill level 1 in Fighting
  1074 | D:2      | Reached skill level 1 in Short Blades
  1074 | D:2      | Reached skill level 1 in Long Blades
  1074 | D:2      | Reached skill level 1 in Axes
  1074 | D:2      | Reached skill level 1 in Maces & Flails
  1074 | D:2      | Reached skill level 1 in Polearms
  1074 | D:2      | Reached skill level 1 in Staves
  1074 | D:2      | Reached skill level 1 in Slings
  1074 | D:2      | Reached skill level 1 in Bows
  1074 | D:2      | Reached skill level 1 in Crossbows
  1074 | D:2      | Reached skill level 1 in Throwing
  1074 | D:2      | Reached skill level 1 in Armour
  1074 | D:2      | Reached skill level 1 in Shields
  1074 | D:2      | Reached skill level 1 in Unarmed Combat
  1074 | D:2      | Reached skill level 1 in Evocations
  1074 | D:2      | Reached XP level 4. HP: 26/32 MP: 11/11
  1224 | D:2      | Found an iron altar of Okawaru.
  1235 | D:2      | Reached skill level 1 in Conjurations
  1235 | D:2      | Reached skill level 1 in Hexes
  1235 | D:2      | Reached skill level 1 in Summonings
  1235 | D:2      | Reached skill level 1 in Necromancy
  1235 | D:2      | Reached skill level 1 in Translocations
  1235 | D:2      | Reached skill level 1 in Transmutations
  1235 | D:2      | Reached skill level 1 in Fire Magic
  1235 | D:2      | Reached skill level 1 in Air Magic
  1235 | D:2      | Reached skill level 1 in Earth Magic
  1235 | D:2      | Reached skill level 1 in Poison Magic
  1239 | D:2      | Reached XP level 5. HP: 27/37 MP: 7/12
  1399 | D:2      | Found a glowing golden altar of the Shining One.
  1399 | D:2      | Found a glowing silver altar of Zin.
  1825 | D:2      | Noticed Robin
  1838 | D:2      | Killed Robin
  2264 | D:3      | Reached skill level 2 in Invocations
  2264 | D:3      | Reached XP level 6. HP: 44/44 MP: 9/13
  2682 | D:3      | Reached skill level 5 in Dodging
  3092 | D:4      | Noticed Purgy
  3106 | D:3      | Killed Purgy
  3106 | D:3      | Reached XP level 7. HP: 44/50 MP: 10/15
  3148 | D:4      | Got an ancient leather armour
  3319 | D:4      | Identified the +4 leather armour "Xyklo" {Harm rF+ Int+6}
                  | (You found it on level 4 of the Dungeon)
  3594 | D:4      | Reached skill level 5 in Stealth
  3595 | D:4      | Reached skill level 3 in Invocations
  3690 | D:4      | Found Ijemaifu's Assorted Antiques.
  3968 | D:5      | Entered Level 5 of the Dungeon
  3989 | D:5      | Reached XP level 8. HP: 57/57 MP: 12/16
  4397 | D:5      | Noticed Edmund
  4409 | D:5      | Killed Edmund
  4802 | D:5      | Noticed Grinder
  4810 | D:5      | Killed Grinder
  4810 | D:5      | Reached skill level 4 in Invocations
  4823 | D:5      | Reached XP level 9. HP: 65/65 MP: 18/18
  4877 | D:5      | Found a runed translucent door.
  4878 | D:5      | Noticed Crazy Yiuf
  4941 | D:5      | Found a staircase to the Ecumenical Temple.
  5597 | D:5      | Killed Crazy Yiuf
  5749 | D:6      | Found a glowing drain.
  5759 | Sewer    | Entered a sewer
  5808 | Sewer    | Learned a level 4 spell: Hailstorm
  6970 | Temple   | Entered the Ecumenical Temple
  7250 | Temple   | Became a worshipper of Ru the Awakened
  7589 | D:7      | Reached skill level 5 in Invocations
  8026 | D:7      | Reached XP level 10. HP: 57/73 MP: 16/20
  8144 | D:7      | Reached skill level 5 in Fighting
  8144 | D:7      | Reached skill level 5 in Short Blades
  8144 | D:7      | Reached skill level 5 in Long Blades
  8144 | D:7      | Reached skill level 5 in Axes
  8144 | D:7      | Reached skill level 5 in Maces & Flails
  8144 | D:7      | Reached skill level 5 in Polearms
  8144 | D:7      | Reached skill level 5 in Staves
  8144 | D:7      | Reached skill level 5 in Slings
  8144 | D:7      | Reached skill level 5 in Bows
  8144 | D:7      | Reached skill level 5 in Crossbows
  8144 | D:7      | Reached skill level 5 in Throwing
  8144 | D:7      | Reached skill level 5 in Armour
  8144 | D:7      | Reached skill level 5 in Shields
  8144 | D:7      | Reached skill level 5 in Unarmed Combat
  8144 | D:7      | Reached skill level 5 in Evocations
  8999 | D:7      | Noticed Grum
  9016 | D:7      | Killed Grum
  9540 | D:7      | Gained mutation: You are hated by all. [Ru sacrifice]
  9540 | D:7      | Reached * piety under Ru
  9751 | D:8      | Reached skill level 6 in Invocations
  9837 | D:8      | Found a radiant altar of Vehumet.
  9841 | D:8      | Reached skill level 1 in Summonings
 10010 | D:8      | Noticed a two-headed ogre
 10030 | D:8      | Killed a two-headed ogre
 10463 | D:8      | Reached XP level 11. HP: 77/81 MP: 18/22
 10547 | D:9      | Found a staircase to the Lair.
 10694 | D:9      | Reached skill level 5 in Conjurations
 10694 | D:9      | Reached skill level 5 in Hexes
 10694 | D:9      | Reached skill level 5 in Necromancy
 10694 | D:9      | Reached skill level 5 in Translocations
 10694 | D:9      | Reached skill level 5 in Transmutations
 10694 | D:9      | Reached skill level 5 in Fire Magic
 10694 | D:9      | Reached skill level 5 in Air Magic
 10694 | D:9      | Reached skill level 5 in Earth Magic
 10694 | D:9      | Reached skill level 5 in Poison Magic
 10762 | D:9      | Found the +5 scythe "Finisher" {speed, eviscerate}
 10762 | D:9      | Noticed Erolcha
 10780 | D:9      | Killed Erolcha
 11257 | D:10     | Entered Level 10 of the Dungeon
 11296 | D:10     | Gained mutation: You are missing an eye, making it more
                  | difficult to aim. [Ru sacrifice]
 11296 | D:10     | Reached ** piety under Ru
 11503 | D:10     | Paralysed by a hornet for 2 turns
 12173 | D:11     | Reached skill level 7 in Invocations
 12714 | D:11     | Noticed Fannar
 12729 | D:11     | Killed Fannar
 13129 | D:12     | Noticed a white ugly thing
 13132 | D:12     | Gained mutation: You cannot read scrolls while threatened.
                  | [Ru sacrifice]
 13132 | D:12     | Reached *** piety under Ru
 13155 | D:12     | Killed a white ugly thing
 13255 | D:12     | Found a staircase to the Orcish Mines.
 13373 | D:12     | Noticed a deep elf mage
 13388 | D:12     | Killed a deep elf mage
 13477 | D:12     | Reached XP level 12. HP: 69/89 MP: 21/24
 13765 | D:12     | Found a shimmering altar of Xom.
 13765 | D:12     | Found a shimmering altar of Xom.
 13765 | D:12     | Found a shimmering altar of Xom.
 13765 | D:12     | Found a shimmering altar of Xom.
 13766 | D:12     | Found a shimmering altar of Xom.
 13935 | D:12     | Gained mutation: You passively map a small area around you.
                  | [potion of mutation]
 13935 | D:12     | Gained mutation: You are partially covered in iridescent
                  | scales. (AC +2) [potion of mutation]
 14225 | D:12     | Noticed a boulder beetle
 14247 | D:12     | Killed a boulder beetle
 14595 | D:13     | Found a gate to the Vaults.
 14743 | Lair:1   | Entered Level 1 of the Lair of Beasts
 14849 | Lair:1   | Reached skill level 8 in Invocations
 15008 | Lair:1   | Found a transporter.
 15920 | Lair:1   | Noticed a boulder beetle
 15920 | Lair:1   | Noticed a boulder beetle
 15942 | Lair:1   | Found a transporter.
 16025 | Lair:1   | Noticed a five-headed hydra
 16031 | Lair:1   | Killed a five-headed hydra
 16524 | Lair:2   | Learned a level 5 spell: Fireball
 16528 | Lair:2   | Learned a level 3 spell: Mephitic Cloud
 16532 | Lair:2   | Learned a level 3 spell: Ignite Poison
 16685 | Lair:2   | Noticed an eight-headed hydra
 16694 | Lair:2   | Killed an eight-headed hydra
 16957 | Lair:2   | Reached XP level 13. HP: 39/98 MP: 21/26
 17475 | Lair:2   | Noticed a dire elephant
 17495 | Lair:2   | Found a runed translucent door.
 17959 | Lair:1   | Identified a scroll of acquirement
 17959 | Lair:1   | Acquired a +0 kite shield of cold resistance
 18402 | Lair:3   | Reached skill level 5 in Summonings
 18402 | Lair:3   | Reached skill level 9 in Invocations
 18860 | Lair:3   | Reached skill level 10 in Ice Magic
 19518 | Lair:4   | Found a staircase to the Swamp.
 19782 | Lair:4   | Learned a level 3 spell: Dazzling Flash
 19786 | Lair:4   | Found a staircase to the Snake Pit.
 20255 | Lair:5   | Found a staircase to the Slime Pits.
 20468 | Lair:5   | Noticed Snorg
 20493 | Lair:5   | Killed Snorg
 20493 | Lair:5   | Reached skill level 10 in Spellcasting
 20971 | Lair:6   | Entered Level 6 of the Lair of Beasts
 21188 | Lair:6   | Reached XP level 14. HP: 100/106 MP: 24/28
 21203 | Lair:6   | Reached skill level 10 in Dodging
 21224 | Lair:6   | Gained mutation: You are sensitive to extremes of
                  | temperature. (rF-, rC-) [Ru sacrifice]
 21224 | Lair:6   | Reached **** piety under Ru
 21224 | Lair:6   | Reached ***** piety under Ru
 21385 | Lair:6   | Reached skill level 10 in Stealth
 21530 | Lair:6   | Found a sacrificial altar of Ru.
 21708 | Lair:6   | Reached skill level 10 in Invocations
 22856 | Lair:3   | Got an encrusted scale mail
 22867 | Lair:3   | Identified the cursed +0 scale mail of Wasted Space {+Fly
                  | rElec rPois MR-} (You found it on level 3 of the Lair of
                  | Beasts)
 23178 | Lair:2   | Killed a dire elephant
 23281 | Lair:2   | Identified the Volume of Attacks
 23498 | Orc:1    | Entered Level 1 of the Orcish Mines
 23677 | Orc:1    | Paralysed by an ogre mage for 5 turns
 23753 | D:12     | Gained mutation: You cannot be stealthy. [Ru sacrifice]
 23753 | D:12     | Reached ****** piety under Ru
 23889 | Orc:1    | Reached XP level 15. HP: 115/115 MP: 29/29
 24687 | Orc:1    | Noticed a fire giant
 24701 | Orc:1    | Killed a fire giant
 24716 | Orc:1    | Got a warped falchion
 24726 | Orc:1    | Identified the +4 falchion "Puyrphomi" {venom, SInv} (You
                  | found it on level 1 of the Orcish Mines)
 24755 | Orc:1    | Got a translucent short sword
 24756 | Orc:1    | Identified the cursed +3 short sword of the Hills {holy,
                  | rF++ rN++} (You found it on level 1 of the Orcish Mines)
 24803 | Orc:1    | Got a jasper-encrusted ring mail
 24814 | Orc:1    | Identified the +5 ring mail of Zuasina {Int+2} (You found
                  | it on level 1 of the Orcish Mines)
 25063 | Orc:2    | Entered Level 2 of the Orcish Mines
 25124 | Orc:2    | Found a staircase to the Elven Halls.
 25161 | Orc:2    | Noticed an orc warlord
 25511 | Orc:1    | Reached skill level 10 in Fighting
 25511 | Orc:1    | Reached skill level 10 in Short Blades
 25511 | Orc:1    | Reached skill level 10 in Long Blades
 25511 | Orc:1    | Reached skill level 10 in Axes
 25511 | Orc:1    | Reached skill level 10 in Maces & Flails
 25511 | Orc:1    | Reached skill level 10 in Polearms
 25511 | Orc:1    | Reached skill level 10 in Staves
 25511 | Orc:1    | Reached skill level 10 in Slings
 25511 | Orc:1    | Reached skill level 10 in Bows
 25511 | Orc:1    | Reached skill level 10 in Crossbows
 25511 | Orc:1    | Reached skill level 10 in Throwing
 25511 | Orc:1    | Reached skill level 10 in Armour
 25511 | Orc:1    | Reached skill level 10 in Shields
 25511 | Orc:1    | Reached skill level 10 in Unarmed Combat
 25511 | Orc:1    | Reached skill level 10 in Evocations
 26001 | Orc:1    | Learned a level 6 spell: Freezing Cloud
 26021 | Orc:2    | Killed an orc warlord
 26305 | Orc:2    | Noticed an orc warlord
 26516 | Orc:1    | Killed an orc warlord
 26653 | Orc:2    | Found Hinilauw's Assorted Antiques.
 26722 | Orc:2    | Bought a wavering lead ring for 100 gold pieces
 26722 | Orc:2    | Identified the ring "Cela" {rPois rF+ MR+} (You bought it
                  | in a shop on level 2 of the Orcish Mines)
 26776 | Orc:2    | Found a roughly hewn altar of Beogh.
 26794 | Orc:2    | Reached skill level 11 in Invocations
 27070 | Orc:2    | Found Ejob's Antique Armour Boutique.
 27071 | Orc:2    | Found Gaun's Antique Weapon Boutique.
 27072 | Orc:2    | Found Luschadiwo's General Store.
 27072 | Orc:2    | Found Duhaes's Jewellery Shop.
 27077 | Orc:2    | Bought the ring "Vuucw" {rC+ rN+ MR+ Str-2} for 526 gold
                  | pieces
 27088 | Orc:2    | Bought a pair of fine boots for 323 gold pieces
 27098 | Orc:2    | Identified the +1 pair of boots of Pride {rElec Int-3
                  | Dex+3} (You bought it in a shop on level 2 of the Orcish
                  | Mines)
 28139 | D:13     | Got a sparkling turquoise ring
 29316 | D:15     | Entered Level 15 of the Dungeon
 29496 | D:15     | Reached XP level 16. HP: 122/123 MP: 28/31
 29699 | D:15     | Found a staircase to the Depths.
 29860 | D:15     | Identified the ring of Syunk {+Fly rC+ MR+} (You found it
                  | on level 13 of the Dungeon)
 30044 | D:15     | Noticed Agnes
 30282 | Snake:1  | Entered Level 1 of the Snake Pit
 31023 | Elf:1    | Entered Level 1 of the Elven Halls
 31662 | Elf:1    | Found Zoluhag's Gadget Shop.
 31665 | Elf:1    | Bought a condenser vane (2/2) for 240 gold pieces
 31814 | Elf:1    | Acquired the +3 pair of boots of Vehumet's Wrath {rPois rN+
                  | Str+4 Dex+2}
 32388 | Elf:1    | Identified the Incunabulum of Companions
 32475 | Elf:1    | Got a pair of transparent gloves
 32487 | Elf:1    | Identified the cursed +0 pair of gloves of the Ladybird
                  | {rElec rPois rN+} (You found it on level 1 of the Elven
                  | Halls)
 33458 | D:15     | Killed Agnes
 33747 | Swamp:1  | Entered Level 1 of the Swamp
 33880 | Snake:1  | Reached skill level 12 in Invocations
 34368 | Snake:1  | Found an opulent altar of Gozag.
 34711 | Snake:1  | Found a runed translucent gate.
 34711 | Snake:1  | Found a runed translucent gate.
 34711 | Snake:1  | Found a runed translucent gate.
 34711 | Snake:1  | Noticed Schnaeble's ghost (journeyman MiFi)
 34929 | Snake:1  | You fall into a shaft and drop 1 floor!
 35056 | Snake:2  | Reached XP level 17. HP: 110/131 MP: 27/33
 35827 | Snake:3  | Noticed Vashnia
 36051 | Snake:1  | Killed Schnaeble's ghost
 36349 | Snake:3  | Found Fevudub's Assorted Antiques.
 36566 | Snake:3  | Found Beihiv's Assorted Antiques.
 36568 | Snake:3  | Found Huotow's Distillery.
 36572 | Snake:3  | Bought a potion of curing for 90 gold pieces
 36574 | Snake:3  | Bought a scroll of blinking for 285 gold pieces
 36574 | Snake:3  | Bought 3 scrolls labeled DIOLIT EBBOOTERA for 114 gold
                  | pieces
 36578 | Snake:3  | Bought a potion of curing for 51 gold pieces
 36578 | Snake:3  | Bought a potion of might for 68 gold pieces
 36578 | Snake:3  | Bought a potion of curing for 51 gold pieces
 36578 | Snake:3  | Bought a potion of berserk rage for 85 gold pieces
 36578 | Snake:3  | Bought a potion of curing for 51 gold pieces
 36578 | Snake:3  | Bought a potion of magic for 136 gold pieces
 36578 | Snake:3  | Bought a potion of lignification for 51 gold pieces
 36578 | Snake:3  | Bought a potion of heal wounds for 85 gold pieces
 36578 | Snake:3  | Bought a potion of curing for 51 gold pieces
 36578 | Snake:3  | Bought a potion of resistance for 170 gold pieces
 36578 | Snake:3  | Bought a potion of curing for 51 gold pieces
 38324 | Snake:4  | Entered Level 4 of the Snake Pit
 38362 | Snake:4  | Reached skill level 10 in Conjurations
 38362 | Snake:4  | Reached skill level 10 in Hexes
 38362 | Snake:4  | Reached skill level 10 in Necromancy
 38362 | Snake:4  | Reached skill level 10 in Translocations
 38362 | Snake:4  | Reached skill level 10 in Transmutations
 38362 | Snake:4  | Reached skill level 10 in Fire Magic
 38362 | Snake:4  | Reached skill level 10 in Air Magic
 38362 | Snake:4  | Reached skill level 10 in Earth Magic
 38362 | Snake:4  | Reached skill level 10 in Poison Magic
 38667 | Snake:4  | Found Jext's Gadget Boutique.
 38667 | Snake:4  | Found Cacis's Jewellery Emporium.
 38668 | Snake:4  | Found Sestrimiwn's Jewellery Emporium.
 39447 | Snake:4  | Reached XP level 18. HP: 97/140 MP: 14/34
 40005 | Snake:4  | Reached skill level 13 in Invocations
 40886 | Snake:4  | Got a serpentine rune of Zot
 42367 | Swamp:1  | You fall into a shaft and drop 1 floor!
 44807 | Swamp:3  | Reached XP level 19. HP: 135/147 MP: 33/36
 45089 | Swamp:4  | Entered Level 4 of the Swamp
 46606 | Swamp:4  | Reached skill level 10 in Summonings
 46622 | Swamp:4  | Noticed the 27-headed Lernaean hydra
 46631 | Swamp:4  | Killed the 27-headed Lernaean hydra
 46969 | Swamp:4  | Got a decaying rune of Zot
 47502 | D:9      | Learned a level 2 spell: Blink
 47509 | D:9      | Learned a level 6 spell: Starburst
 48235 | Elf:2    | Identified the Reference Book on the Oath
 49227 | Elf:2    | Found Puoraoce's Book Shop.
 49464 | Elf:2    | Found a large runed translucent door.
 49464 | Elf:2    | Found a large runed translucent door.
 49487 | Elf:2    | Found a large runed translucent door.
 49487 | Elf:2    | Found a large runed translucent door.
 49572 | Elf:3    | Entered Level 3 of the Elven Halls
 49672 | Elf:3    | Reached skill level 14 in Invocations
 50240 | Elf:3    | Found Tueffyo's Assorted Antiques.
 50260 | Elf:3    | Bought a scroll labeled WATINIU WEOP for 36 gold pieces
 50281 | Elf:3    | Identified the +4 war axe of Summ {vamp, +Fly rC- rN+
                  | Str+2} (You found it on level 3 of the Elven Halls)
 50836 | Elf:3    | Noticed a Brimstone Fiend
 50859 | Elf:3    | Identified the cursed +1 plate armour of Articulation
                  | {*Contam Rampage Dex+6}
 51129 | Elf:3    | Noticed a Brimstone Fiend
 51129 | Elf:3    | Reached XP level 20. HP: 145/156 MP: 25/37
 51440 | Elf:3    | Identified the +1 buckler of Okozacw {rF+ Int+6 Dex+4}
 51518 | Elf:3    | Identified the +2 flail "Iroizxu" {vorpal, +Rage rPois
                  | MP+9}
 51528 | Elf:3    | Identified the Compendium of Bewitching Ignition
 51597 | Elf:3    | Identified the amulet "Hollusug" {Faith Dex+4}
 51644 | Elf:3    | Acquired a book of Party Tricks
 51746 | Elf:3    | Found the +0 sword of Power
 52193 | Elf:3    | Identified the +1 scale mail of the Garden {Slay+3} (You
                  | found it on level 3 of the Elven Halls)
 52580 | Depths:1 | Entered Level 1 of the Depths
 53788 | Depths:1 | Found a gateway to a ziggurat.
 53790 | Depths:1 | Found a gateway to Hell.
 53814 | Depths:1 | You fall into a shaft and drop 1 floor!
 53824 | Depths:2 | Noticed Asterion
 53855 | Depths:2 | Killed Asterion
 54105 | Depths:2 | Noticed Nikola
 54218 | D:15     | Upgraded the game from 0.26-a0-720-g2a1d101370 to
                  | 0.26-a0-739-gf55cbd344a
 54223 | D:15     | Learned a level 3 spell: Teleport Other
 54229 | D:15     | Learned a level 5 spell: Metabolic Englaciation
 54314 | Vaults:1 | Entered Level 1 of the Vaults
 54676 | Snake:3  | Bought a potion of curing for 114 gold pieces
 54676 | Snake:3  | Bought a scroll of magic mapping for 133 gold pieces
 54676 | Snake:3  | Bought a hardcover book for 570 gold pieces
 56211 | Vaults:1 | You fall into a shaft and drop 1 floor!
 56288 | Vaults:2 | Reached XP level 21. HP: 109/164 MP: 1/39
 56525 | Vaults:2 | Found a runed translucent gate.
 56525 | Vaults:2 | Found a runed translucent gate.
 56527 | Vaults:2 | Found a runed translucent gate.
 58261 | Vaults:2 | Found Favvario's Antique Weapon Boutique.
 58522 | Vaults:2 | Reached skill level 15 in Invocations
 58533 | Vaults:2 | Got an encrusted scale mail
 58534 | Vaults:2 | Identified the +1 scale mail of Tartarus {Harm rPois} (You
                  | found it on level 2 of the Vaults)
 59170 | Vaults:2 | Found a runed translucent gate.
 59170 | Vaults:2 | Found a runed translucent gate.
 59176 | Vaults:2 | Noticed dolemite99's ghost (veteran DrFE)
 59182 | Vaults:2 | Found a runed translucent gate.
 60321 | Vaults:2 | Got a citrine-encrusted chain mail
 60322 | Vaults:2 | Identified the +5 chain mail of Parlour Games {rF+} (You
                  | found it on level 2 of the Vaults)
 60337 | Vaults:2 | Identified the cursed +1 plate armour of the Spheres {MR-
                  | Str+7} (You found it on level 2 of the Vaults)
 60392 | Vaults:3 | Noticed Jory
 60421 | Vaults:2 | Killed Jory
 61542 | Vaults:3 | Found a radiant altar of Vehumet.
 61612 | Vaults:3 | Reached skill level 15 in Spellcasting
 61629 | Vaults:3 | Reached XP level 22. HP: 150/172 MP: 28/41
 62816 | Vaults:3 | Reached skill level 15 in Dodging
 63516 | Vaults:3 | Found a staircase to the Crypt.
 63516 | Vaults:3 | Found a basalt altar of Yredelemnul.
 63517 | Vaults:3 | Found an ancient bone altar of Kikubaaqudgha.
 64132 | Vaults:4 | Noticed Donald
 64148 | Vaults:4 | Killed Donald
 66016 | Vaults:4 | Identified the +5 ring mail "Xyt Hoes" {*Corrode *Drain
                  | Int+9 Stlth+}
 67261 | Depths:2 | Noticed Mara
 67264 | Depths:2 | Noticed iamoutofideas's illusion
 67285 | Depths:1 | Reached skill level 16 in Invocations
 67581 | Depths:1 | Noticed a golden dragon
 67768 | Depths:1 | Killed a golden dragon
 67768 | Depths:1 | Reached XP level 23. HP: 161/180 MP: 32/42
 68321 | Depths:1 | Identified the +7 shortbow "Lafyed" {flame, rElec rF- MR+++
                  | Int-3} (You found it on level 1 of the Depths)
 68908 | Depths:2 | Killed Mara
 68923 | Depths:2 | Killed Nikola
 68923 | Depths:2 | Reached skill level 15 in Fighting
 68923 | Depths:2 | Reached skill level 15 in Short Blades
 68923 | Depths:2 | Reached skill level 15 in Long Blades
 68923 | Depths:2 | Reached skill level 15 in Axes
 68923 | Depths:2 | Reached skill level 15 in Maces & Flails
 68923 | Depths:2 | Reached skill level 15 in Polearms
 68923 | Depths:2 | Reached skill level 15 in Staves
 68923 | Depths:2 | Reached skill level 15 in Slings
 68923 | Depths:2 | Reached skill level 15 in Bows
 68923 | Depths:2 | Reached skill level 15 in Crossbows
 68923 | Depths:2 | Reached skill level 15 in Throwing
 68923 | Depths:2 | Reached skill level 15 in Armour
 68923 | Depths:2 | Reached skill level 15 in Shields
 68923 | Depths:2 | Reached skill level 15 in Unarmed Combat
 68923 | Depths:2 | Reached skill level 15 in Evocations
 69630 | Depths:2 | Found a one-way gate leading to the halls of Pandemonium.
 70599 | Depths:2 | Paralysed by you for 6 turns
 70621 | Depths:2 | Gained mutation: You are weak. (Str -2) [mutagenic glow]
 70682 | Depths:2 | Identified Waor's Volume of Creative Heat
 71169 | Depths:3 | Found a stormy altar of Qazlal.
 71217 | Depths:3 | Found a shadowy altar of Dithmenos.
 71217 | Depths:3 | Noticed Boris
 71849 | D:15     | Learned a level 8 spell: Ignition
 72281 | Vaults:2 | Gained mutation: Your magical capacity is low. (-10% MP) [a
                  | cacodemon]
 72471 | Vaults:2 | HP: 1/181 [dolemite99's ghost/fireball (108)]
 73622 | Vaults:2 | Killed from afar by dolemite99's ghost

Illustrated notes

Levels and vault maps discovered:
D:1:      scummos_arrival_checkerplants, layout_rooms, st_stairs_10,
          chequers_garden, minmay_pentomino_t2
D:2:      layout_rooms, grunt_temple_overflow_open, skrybe_limestone_x,
          minmay_misc_feat_hallway, minmay_between, uniq_robin
D:3:      layout_basic, chequers_serial_rivers_micro_c
D:4:      layout_cave_pools, serial_shops, nicolae_shop_trees, uniq_purgy
D:5:      layout_basic, minmay_temple_entry_enclosed_plants, uniq_edmund,
          uniq_crazy_yiuf_cottage, uniq_grinder
D:6:      layout_loops_ring, portal_sewer_entry_c
D:7:      layout_cave_pools, serial_gnoll_camp, grums_kennel,
          gnoll_camp_medium_01, gnoll_camp_huts_basic, gnoll_camp_medium_02,
          gnoll_camp_mini_hut, gnoll_camp_mini_sergeant
D:8:      layout_basic, vehumet_statue
D:9:      layout_rooms, erik_lair_island,
          hangedman_abyss_or_decor_jellyfish_corner, uniq_erolcha
D:10:     layout_roguey
D:11:     layout_stronghold, uniq_fannar
D:12:     layout_basic, david_orc_2, xom_redecorated
D:13:     layout_roguey, erik_vaults_1
D:14:     layout_irregular_city, serial_column_ruins, column_ruins_hut_water,
          column_ruins_circle_medium, column_ruins_grid_3,
          column_ruins_open_tiny, column_ruins_columns_straight,
          column_ruins_open_tiny, column_ruins_open_medium
D:15:     grunt_enter_depths_snipers, layout_loops_ring,
          ebering_dispersal_statue_hall, st_stairs_3, uniq_agnes
Temple:   hc_temple_tempest_star
Lair:1:   gammafunk_boulding_lane, layout_cave_shapes, minivault_19,
          minivault_27, beast_lair_carwin_1, grunt_megastairs_1
Lair:2:   gammafunk_lair_enchanted_lake, layout_cellular_growth,
          portal_ice_cave_entry_pillars_1
Lair:3:   layout_chaotic_city, infiniplex_staircase_pool, lemuel_fruit_fields,
          lemuel_fruit_fields
Lair:4:   layout_roguey, skrybe_swamp_entry_bodies,
          minmay_snake_entry_guardpost_medium, beast_lair_carwin_3
Lair:5:   layout_roguey, slime_dummy, roderic_batcave, serial_bayou_lake_a,
          uniq_snorg
Lair:6:   gammafunk_lair_ancient_temple, layout_cave_pods, basic_altar
Swamp:1:  layout_basic_swamp, nicolae_swamp_very_dense_foliage, swamp_pool2
Swamp:2:  layout_falls_marsh, hangedman_swamp_diagram
Swamp:3:  layout_falls_marsh, evilmike_swamp_ruin_house_3
Swamp:4:  swamp_old_school, layout_basic_swamp
Snake:1:  layout_grid_shapes, gammafunk_ghost_necromancy, basic_altar
Snake:2:  layout_basic, serial_curves, eino_curves_02, eino_curves_02
Snake:3:  layout_misc_corridors, minmay_shop_star, uniq_vashnia
Snake:4:  snake_pit_salamanders_mu, layout_basic, minmay_shop_grove
Orc:1:    giant_chief_lemuel, layout_caves
Orc:2:    st_orc_congregation, layout_caves, basic_altar, serial_shops,
          nicolae_shop_overgrown_old_shop
Elf:1:    eino_elf_arrival_the_gate, layout_loops_corners, serial_shops,
          nicolae_shop_behind_doors, minmay_elf_demonology,
          small_chamber_with_monster
Elf:2:    layout_geoelf_grid, serial_shops, shop,
          hangedman_research_probablistics
Elf:3:    elf_hall_gauntlet_narrow, layout_loops_corners, serial_shops, shop
Vaults:1: nicolae_vaults_alarming, nicolae_vaults_hallways_thing,
          nicolae_vaults_network_quinsquares
          [nicolae_vaults_network_quincunx_subvault,
          nicolae_vaults_network_quincunx_subvault,
          nicolae_vaults_network_quincunx_subvault,
          nicolae_vaults_network_quincunx_subvault], v_misc_9,
          vaults_dpeg_doors, nicolae_vaults_puzzle_piece,
          nicolae_vaults_shelves_hall, ontoclasm_vaults_chip, vaults_mumra_hex,
          layout_vaults_maze_snakey
Vaults:2: ploomutoo_gammafunk_vaults_ghost_potion_laboratory, st_hourglassy,
          nicolae_vaults_network_square, grunt_vaults_diagonal,
          nicolae_vaults_diagonal_hallway_9, hangedman_vaults_stitches,
          vaults_standard_mumra_lines, nicolae_vaults_theta,
          ontoclasm_vaults_tryst, vaults_mumra_minichess,
          nicolae_vaults_three_branches, v_misc_11, vaults_dpeg_spiral,
          vaults_dpeg_hooks, serial_ice_m, v_misc_8, vaults_room_hallway,
          layout_vaults_omnibox, serial_shops, nicolae_shop_trees
Vaults:3: v_misc_17, minmay_crypt_entry_necro_gods, v_misc_11,
          nicolae_vaults_angled_halls, v_misc_10, st_spiral_rooms,
          hangedman_vaults_stretched_pinwheel, v_pattern_3, v_misc_28, v_misc_9,
          hangedman_vaults_stream, nicolae_vaults_little_squares_6,
          vaults_dpeg_cross, vaults_room_pools, serial_ice_g, vaults_dpeg_ring,
          layout_vaults_chaotic_city, basic_altar, uniq_jory
Vaults:4: special_room_vaults [special_room_orc], vaults_room_large_hall,
          hangedman_vaults_maws, dpeg_vaults_monster_box, v_misc_15,
          ontoclasm_vaults_pinch, v_misc_3, v_misc_33, v_misc_22,
          ontoclasm_vaults_chip, v_pattern_1, vaults_room_pools,
          nicolae_vaults_diagonal_hallway_6, hangedman_vaults_impose,
          layout_vaults_ring, uniq_donald
Depths:1: layout_honeycomb, enter_ziggurat_b, hell_entry,
          kennysheep_nondescript, minmay_evil_grid
Depths:2: gammafunk_mikee_crab_dinner, layout_cave_pools, pf_coc_iceberg,
          rand_demon_pan_entry_5, nicolae_wwwww, infiniplex_staircase_pool_2,
          uniq_mara, uniq_asterion, uniq_nikola
Depths:3: grunt_profane_halls [grunt_profane_temple_dis,
          grunt_profane_temple_tar, grunt_profane_temple_geh,
          grunt_profane_temple_coc, grunt_profane_loot], hell_entry, pan_entry,
          abyss_entry, uniq_boris, uniq_saint_roka

Skill      XL: |  1  2  3  4  5  6  7  8  9 10 11 12 13 14 15 16 17 18 19 20 21 22 23 |
---------------+----------------------------------------------------------------------+-----
Spellcasting   | 5 6 7 8 9 10 11 12 13 14 15 | 15.7
Invocations    | 1 2 3 4 5 6 7 8 9 10 11 12 13 14 15 16 | 16.2
Fighting       | 1 2 3 4 5 6 7 8 9 10 11 12 13 14 15 | 15.1
Short Blades   | 1 2 3 4 5 6 7 8 9 10 11 12 13 14 15 | 15.1
Long Blades    | 1 2 3 4 5 6 7 8 9 10 11 12 13 14 15 | 15.1
Axes           | 1 2 3 4 5 6 7 8 9 10 11 12 13 14 15 | 15.1
Maces & Flails | 1 2 3 4 5 6 7 8 9 10 11 12 13 14 15 | 15.1
Polearms       | 1 2 3 4 5 6 7 8 9 10 11 12 13 14 15 | 15.1
Staves         | 1 2 3 4 5 6 7 8 9 10 11 12 13 14 15 | 15.1
Slings         | 1 2 3 4 5 6 7 8 9 10 11 12 13 14 15 | 15.1
Bows           | 1 2 3 4 5 6 7 8 9 10 11 12 13 14 15 | 15.1
Crossbows      | 1 2 3 4 5 6 7 8 9 10 11 12 13 14 15 | 15.1
Throwing       | 1 2 3 4 5 6 7 8 9 10 11 12 13 14 15 | 15.1
Armour         | 1 2 3 4 5 6 7 8 9 10 11 12 13 14 15 | 15.1
Shields        | 1 2 3 4 5 6 7 8 9 10 11 12 13 14 15 | 15.1
Unarmed Combat | 1 2 3 4 5 6 7 8 9 10 11 12 13 14 15 | 15.1
Evocations     | 1 2 3 4 5 6 7 8 9 10 11 12 13 14 15 | 15.1
Conjurations   | 1 2 3 4 5 6 7 8 9 10 11 12 13 | 13.0
Hexes          | 1 2 3 4 5 6 7 8 9 10 11 12 13 | 13.0
Summonings     | 1 2 3 1 3 4 5 6 7 8 9 10 11 12 | 12.3
Necromancy     | 1 2 3 4 5 6 7 8 9 10 11 12 13 | 13.0
Translocations | 1 2 3 4 5 6 7 8 9 10 11 12 13 | 13.0
Transmutations | 1 2 3 4 5 6 7 8 9 10 11 12 13 | 13.0
Fire Magic     | 1 2 3 4 5 6 7 8 9 10 11 12 13 | 13.0
Air Magic      | 1 2 3 4 5 6 7 8 9 10 11 12 13 | 13.0
Earth Magic    | 1 2 3 4 5 6 7 8 9 10 11 12 13 | 13.0
Poison Magic   | 1 2 3 4 5 6 7 8 9 10 11 12 13 | 13.0
Dodging        | 5 6 7 8 9 10 11 12 13 14 15 | 15.6
Stealth        | 5 6 7 8 9 0 |  0.0
Ice Magic      | 8 9 10 11 12 13 14 | 14.4

Action                   |  1- 3 |  4- 6 |  7- 9 | 10-12 | 13-15 | 16-18 | 19-21 | 22-24 || total
-------------------------+-------+-------+-------+-------+-------+-------+-------+-------++-------
Melee: Unarmed           |    19 |       |       |       |       |       |       |    17 ||    36
       Short sword       |    47 |   129 |   421 |   899 |  1591 |  2063 |  1928 |  1259 ||  8337
       Bite              |     7 |    12 |    28 |   116 |   184 |   256 |   269 |   186 ||  1058
       Punch             |       |     1 |     1 |       |       |       |       |       ||     2
       Great sword       |       |       |       |       |       |       |       |    48 ||    48
       Scythe            |       |       |       |       |       |       |       |     7 ||     7
 Cast: Freeze            |    18 |     3 |    11 |     8 |    16 |    86 |    58 |       ||   200
       Frozen Ramparts   |       |     8 |    32 |    67 |    74 |   109 |   111 |    81 ||   482
       Hailstorm         |       |       |     1 |     5 |     6 |     8 |    14 |     1 ||    35
       Fireball          |       |       |       |       |    21 |    46 |    25 |    13 ||   105
       Mephitic Cloud    |       |       |       |       |    36 |    33 |    52 |    42 ||   163
       Dazzling Flash    |       |       |       |       |     2 |    10 |     5 |     2 ||    19
       Freezing Cloud    |       |       |       |       |     5 |    68 |    89 |    72 ||   234
       Ignite Poison     |       |       |       |       |     2 |     8 |    11 |    28 ||    49
       Metabolic Englaci |       |       |       |       |       |       |     8 |     9 ||    17
       Blink             |       |       |       |       |       |       |     2 |     2 ||     4
       Starburst         |       |       |       |       |       |       |     2 |     1 ||     3
Invok: Sacrifice Love    |       |       |       |     1 |       |       |       |       ||     1
       Sacrifice Words   |       |       |       |     1 |       |       |       |       ||     1
       Sacrifice an Eye  |       |       |       |     1 |       |       |       |       ||     1
       Reject Sacrifices |       |       |       |     1 |       |       |       |       ||     1
       Draw Out Power    |       |       |       |       |     1 |     3 |     3 |     1 ||     8
       Sacrifice Stealth |       |       |       |       |     1 |       |       |       ||     1
       Sacrifice Resista |       |       |       |       |     1 |       |       |       ||     1
       Power Leap        |       |       |       |       |       |     1 |       |       ||     1
       Apocalypse        |       |       |       |       |       |       |     1 |     3 ||     4
Evoke: Wand              |       |       |     1 |    10 |     6 |     9 |     3 |     3 ||    32
       Condenser vane    |       |       |       |       |       |       |       |     2 ||     2
  Use: Scroll            |     1 |     8 |     7 |    13 |    23 |    14 |    18 |     6 ||    90
       Potion            |       |       |     3 |     9 |     1 |     6 |     1 |    13 ||    33
 Stab: Sleeping          |     8 |    13 |    19 |    11 |    13 |       |       |       ||    64
       Paralysed         |       |       |     2 |     1 |     4 |    10 |     4 |     4 ||    25
       Distracted        |       |       |       |     3 |     8 |     8 |     8 |     4 ||    31
       Invisible         |       |       |       |       |    16 |    29 |    13 |     9 ||    67
       Confused          |       |       |       |       |    21 |    19 |    38 |    20 ||    98
       Petrifying        |       |       |       |       |       |       |       |     1 ||     1
Armor: Robe              |     7 |    21 |     6 |       |       |       |       |       ||    34
       Leather armour    |       |       |   167 |   264 |     9 |       |       |       ||   440
       Ring mail         |       |       |       |       |   371 |   485 |   414 |   165 ||  1435
       Chain mail        |       |       |       |       |       |       |       |    18 ||    18
       Skin              |       |       |       |       |       |       |       |     8 ||     8
Dodge: Dodged            |    64 |   104 |   378 |   610 |   754 |   962 |   682 |   326 ||  3880
Block: Buckler           |       |       |       |   221 |   337 |   480 |   163 |       ||  1201
       Kite shield       |       |       |       |       |       |    26 |   530 |   442 ||   998
       Rpst.: Great sword |       |       |       |       |       |       |       |     2 ||     2

Table legend: (Time is in decaauts)
 A = Elapsed time spent in this place.
 B = Non-inter-level travel time spent in this place.
 C = Inter-level travel time spent in this place.
 D = Time resting spent in this place.
 E = Time spent auto-exploring this place.
 F = Levels seen in this place.
 G = Mean time per level.
                   A        B        C        D        E       F      G
               +--------+--------+--------+--------+--------+-----+--------+
         Total |  71005 |  63534 |   7471 |  19781 |  28668 |  43 | 1651.3 |
       Dungeon |  18734 |  16359 |   2375 |   2442 |  10128 |  15 | 1248.9 |
        Temple |    342 |    297 |     45 |      0 |    295 |   1 |  342.0 |
          Lair |   9684 |   7839 |   1845 |   1769 |   4337 |   6 | 1614.0 |
         Swamp |   5893 |   5602 |    291 |   1944 |   2550 |   4 | 1473.2 |
     Snake Pit |   7089 |   6589 |    500 |   2405 |   2452 |   4 | 1772.2 |
  Orcish Mines |   3712 |   3312 |    400 |    994 |   1186 |   2 | 1856.0 |
   Elven Halls |   6521 |   6071 |    450 |   2738 |   1896 |   3 | 2173.7 |
        Vaults |  12438 |  11278 |   1160 |   4871 |   3846 |   4 | 3109.5 |
        Depths |   5877 |   5475 |    402 |   2609 |   1831 |   3 | 1959.0 |
         Sewer |    713 |    713 |      0 |      8 |    146 |   1 |  713.0 |
               +--------+--------+--------+--------+--------+-----+--------+

Top non-repeatable levels by time:
Vaults:2: 4011 daAuts
Vaults:3: 3671 daAuts
Depths:1: 2837 daAuts
Vaults:1: 2773 daAuts
 Snake:4: 2622 daAuts
   Elf:3: 2575 daAuts
Depths:2: 2545 daAuts
   Orc:1: 2523 daAuts
  Lair:2: 2407 daAuts
    D:12: 2202 daAuts
 Swamp:4: 2186 daAuts
     D:7: 2112 daAuts
   Elf:1: 2010 daAuts
Vaults:4: 1981 daAuts
   Elf:2: 1935 daAuts
